 Dungeon Crawl Stone Soup version 0.23.0 (webtiles) character file.

Game seed: 18139389537851207265

3074 Azzok the Cleaver (level 9, -3/69 (70) HPs)
             Began as a Minotaur Fighter on Feb 12, 2019.
             Was an Elder of Okawaru.
             Slain by an ogre
             ... wielding a +0 giant club
              (20 damage)
             ... on level 9 of the Dungeon.
             The game lasted 00:07:45 (5921 turns).

Azzok the Cleaver (Minotaur Fighter)                Turns: 5921, Time: 00:07:46

HP:   -3/69 (70)    AC: 13    Str: 25    XL:     9   Next: 58%
MP:   14/14         EV:  9    Int:  5    God:    Okawaru [****..]
Gold: 376           SH: 12    Dex: 15    Spells: 8/8 levels left

rFire    . . .     SeeInvis .   A - +3 flail (crush)
rCold    . . .     Gourm    .   c - +0 shield
rNeg     . . .     Faith    .   C - +0 plate armour
rPois    .         Spirit   .   (helmet restricted)
rElec    .         Reflect  .   (no cloak)
rCorr    .         Harm     .   (no gloves)
MR       +....                  (no boots)
Stlth    ..........             (no amulet)
HPRegen  0.21/turn              s - +6 ring of dexterity
MPRegen  0.14/turn              q - ring of protection from magic

@: heroism
A: retaliatory headbutt, horns 2
a: Heroism, Renounce Religion


You were on level 9 of the Dungeon.
You worshipped Okawaru.
Okawaru was greatly pleased with you.
You were not hungry.

You visited 1 branch of the dungeon, and saw 7 of its levels.

You collected 376 gold pieces.

Inventory:

Hand Weapons
 a - a +0 war axe
 x - a +3 hand axe
 A - a +3 flail of crushing (weapon)
Missiles
 w - 2 throwing nets (quivered)
Armour
 c - a +0 shield (worn)
 C - a +0 plate armour (worn)
Jewellery
 i - an uncursed ring of flight
 q - a ring of protection from magic (right hand)
 s - a +6 ring of dexterity (left hand)
 B - an uncursed ring of fire
Wands
 y - a wand of iceblast (11)
Scrolls
 b - 2 scrolls of fear {unknown}
 e - 12 scrolls of identify {unknown}
 g - a scroll of enchant armour {unknown}
 k - 2 scrolls of magic mapping {unknown}
 n - a scroll of blinking {unknown}
 o - a scroll of enchant weapon {unknown}
 u - 2 scrolls of noise {unknown}
 v - a scroll of teleportation {unknown}
 z - a scroll of immolation {unknown}
Potions
 d - 2 potions of heal wounds {unknown}
 h - 2 potions of brilliance {unknown}
 j - 2 potions of degeneration {unknown}
 m - 2 potions of invisibility
 p - a potion of ambrosia {unknown}
 r - a potion of curing
 t - a potion of lignification {unknown}
Comestibles
 f - 11 rations
 l - a chunk of flesh


   Skills:
 - Level 3.6(8.6) Fighting
 + Level 12.3(17.3) Axes
 - Level 3.6(8.6) Armour
 - Level 3.6(8.6) Shields
 + Level 8.4 Invocations


You had 8 spell levels left.
You didn't know any spells.
Your spell library was empty.

Dungeon Overview and Level Annotations

Branches:
Dungeon (6/15)
 Temple: D:4-7

Altars:
Okawaru
Qazlal
Trog
Uskayaw
Yredelemnul


Innate Abilities, Weirdness & Mutations

You reflexively headbutt those who attack you in melee.
You have a pair of horns on your head.


Message History

The orc warrior hits you with a +0 mace!
Your shield and plate armour prevent you from hitting the orc warrior.
Your headbutt misses the orc warrior.
The orc warrior is almost dead.
You closely miss the orc warrior. Your headbutt misses the orc warrior.
The orc warrior is almost dead.
You block the orc warrior's attack.
Some of the chunks of flesh in your inventory have rotted away.
You hit the orc warrior.
You kill the orc warrior!
Okawaru accepts your kill.
You bludgeon the orc!!
You kill the orc!
Okawaru accepts your kill. The ogre hits you with a +0 giant club!
* * * LOW HITPOINT WARNING * * *
Items here: )))) [[[ ††††† You closely miss the ogre.
The ogre hits you with a +0 giant club!!
You die...

▒··▒▒ ▒▒·%·
▒···▒ '···
▒···▒▒ ▒···
▒▒···▒ ▒···
▒···▒ ▒···
▒···▒▒ ···
▒▒···▒
▒'▒▒▒▒ ▒····
▒O@··▒ ▒▒···
▒▒▒▒'▒▒▒▒▒▒
▒▒▒·
▒········▒
▒▒
▒········▒
▒········▒
▒·····<··▒▒▒
▒········╬·▒
╬········▒·▒
▒··········▒


You could see an ogre.

Vanquished Creatures
  Grinder (D:6)
  Sigmund (D:5)
  3 yaks (D:9)
  Eustachio (D:6)
  A hungry ghost (D:9)
  Edmund (D:6)
  2 ice beasts
  2 orc warriors
  2 necrophages
  A phantom (D:6)
  A black bear (D:5)
  A centaur (D:9)
  A big kobold (D:5)
  A bullfrog (D:9)
  2 scorpions
  A howler monkey (D:4)
  3 crimson imps
  4 orc priests
  A centaur skeleton (D:6)
  A centaur zombie (D:5)
  3 hounds
  3 orc wizards (D:6)
  Terence (D:3)
  Natasha (thrice) (D:4)
  An iguana (D:6)
  2 worker ants
  6 adders
  A howler monkey skeleton (D:5)
  3 oozes
  2 worms
  2 dart slugs
  A leopard gecko (D:4)
  22 orcs
  2 ball pythons
  5 giant cockroaches
  3 goblins
  5 hobgoblins
  12 jackals
  8 bats
  6 frilled lizards
  11 kobolds
  6 rats
  A plant (D:5)
140 creatures vanquished.

Notes
Turn   | Place    | Note
-------+----------+-------------------------------------------
     0 | D:1      | Azzok the Minotaur Fighter began the quest for the Orb.
     0 | D:1      | Reached XP level 1. HP: 19/19 MP: 0/0
    83 | D:1      | Reached skill level 3 in Axes
   106 | D:1      | Reached XP level 2. HP: 26/26 MP: 1/1
   330 | D:1      | Reached skill level 4 in Axes
   395 | D:2      | Reached XP level 3. HP: 16/31 MP: 2/2
   623 | D:2      | Noticed an air elemental
   625 | D:2      | Found a stormy altar of Qazlal.
   627 | D:2      | Noticed a fire elemental
   627 | D:2      | Noticed an earth elemental
   627 | D:2      | Noticed a water elemental
   815 | D:2      | Reached skill level 5 in Axes
  1019 | D:2      | Found a basalt altar of Yredelemnul.
  1329 | D:2      | Reached XP level 4. HP: 39/39 MP: 3/3
  1531 | D:3      | Noticed Terence
  1557 | D:3      | Killed Terence
  1557 | D:3      | Reached skill level 6 in Axes
  2257 | D:4      | Reached XP level 5. HP: 45/45 MP: 4/4
  2262 | D:4      | Reached skill level 7 in Axes
  2453 | D:4      | Noticed Natasha
  2462 | D:4      | Killed Natasha
  2530 | D:4      | Found a bloodstained altar of Trog.
  2530 | D:4      | Found an iron altar of Okawaru.
  2531 | D:4      | Found a hide-covered altar of Uskayaw.
  2538 | D:4      | Became a worshipper of Warmaster Okawaru
  2548 | D:4      | Reached XP level 6. HP: 48/51 MP: 5/5
  2659 | D:4      | Noticed Natasha
  2668 | D:4      | Killed Natasha
  2668 | D:4      | Reached skill level 1 in Invocations
  2678 | D:4      | Noticed Natasha
  2684 | D:4      | Killed Natasha
  2745 | D:4      | Reached skill level 8 in Axes
  3110 | D:5      | Entered Level 5 of the Dungeon
  3337 | D:5      | Reached XP level 7. HP: 49/56 MP: 6/8
  3429 | D:5      | Noticed Sigmund
  3626 | D:5      | Killed Sigmund
  3626 | D:5      | Reached * piety under Okawaru
  3626 | D:5      | Reached skill level 9 in Axes
  4396 | D:5      | Reached XP level 8. HP: 59/63 MP: 10/10
  4544 | D:5      | Reached skill level 5 in Invocations
  4613 | D:6      | Reached skill level 10 in Axes
  4804 | D:6      | Reached ** piety under Okawaru
  5370 | D:6      | Noticed Eustachio
  5373 | D:6      | Noticed Grinder
  5394 | D:6      | Reached skill level 11 in Axes
  5408 | D:6      | Killed Eustachio
  5413 | D:6      | Killed Grinder
  5413 | D:6      | Reached XP level 9. HP: 47/69 MP: 11/13
  5550 | D:6      | Noticed Edmund
  5555 | D:6      | Killed Edmund
  5555 | D:6      | Reached *** piety under Okawaru
  5666 | D:6      | You fall through a shaft for 3 floors!
  5902 | D:9      | Reached skill level 12 in Axes
  5918 | D:9      | Reached **** piety under Okawaru
  5921 | D:9      | Slain by an ogre

Skill      XL: |  1  2  3  4  5  6  7  8  9 |
---------------+----------------------------+-----
Axes           | 3 4 5 6 7 8 9 11 12 | 12.3
Invocations    | 3 4 7 8 |  8.4
Fighting       | |  3.6
Armour         | |  3.6
Shields        | |  3.6

Action                   |  1- 3 |  4- 6 |  7- 9 || total
-------------------------+-------+-------+-------++-------
Melee: War axe           |    76 |    27 |       ||   103
       Headbutt          |    10 |    29 |    48 ||    87
       Flail             |       |   104 |   217 ||   321
Invok: Heroism           |       |       |     2 ||     2
  Use: Potion            |       |     1 |       ||     1
  Eat: Chunk             |     1 |     6 |    11 ||    18
Armor: Scale mail        |    20 |       |       ||    20
       Chain mail        |    20 |    68 |    37 ||   125
       Plate armour      |       |       |    27 ||    27
Dodge: Dodged            |    17 |    18 |    24 ||    59
Block: Shield            |    43 |    46 |   102 ||   191
